 Dungeon Crawl Stone Soup version 0.29.0-4-gdea44cf6ec (webtiles) character file.

Game seed: 5315376150477984707

269 qw the Sneak (level 6, -1/37 HPs)
             Began as a Gargoyle Delver on Sept 10, 2022.
             Killed from afar by Ijyb (11 damage)
             ... with a bolt of acid
             ... on level 4 of the Dungeon.
             The game lasted 00:01:10 (3094 turns).

qw the Sneak (Gargoyle Delver)                      Turns: 3094, Time: 00:01:11

Health: -1/37      AC:  7    Str: 17    XL:     6   Next: 22%
Magic:  6/6        EV:  5    Int: 11    God:
Gold:   111        SH:  8    Dex: 11    Spells: 5/5 levels left

rFire   . . .      SeeInvis .   Y - +0 hand axe (freeze)
rCold   . . .      Faith    .   b - +0 kite shield
rNeg    + . .      Spirit   .   i - +0 chain mail
rPois   inf        Reflect  .   (no helmet)
rElec   +          Harm     .   j - +0 cloak
rCorr   .          Rampage  .   c - +1 pair of gloves {hurl}
Will    .....                   a - +2 pair of boots {Fly}
Stlth   ..........              (no amulet)
HPRegen 0.12/turn               (no ring)
MPRegen 0.10/turn               (no ring)

@: corroded, flying
A: sickness immunity, AC +4, negative energy resistance 1, electricity
resistance, torment resistance 1, petrification resistance
a: no special abilities


You were on level 4 of the Dungeon.
You visited 1 branch of the dungeon, and saw 5 of its levels.

You collected 111 gold pieces.


Innate Abilities, Weirdness & Mutations

You are immune to sickness and miasma.
Your stone body is resilient. (AC +4)
You are immune to poison.
You resist negative energy. (rN+)
You are resistant to electric shocks. (rElec)
You are resistant to unholy torment.
You are immune to petrification.


   Skills:
 - Level 3.2 Fighting
 - Level 4.0 Axes
 - Level 2.0 Armour
 - Level 1.5 Dodging
 - Level 5.4 Stealth
 + Level 4.2 Shields


You had 5 spell levels left.
You didn't know any spells.
Your spell library was empty.

Inventory:

Hand Weapons
 m - a +0 morningstar
 Y - a +0 hand axe of freezing (weapon)
Armour
 a - a +2 pair of boots of flying (worn)
 b - a +0 kite shield (worn)
 c - a +1 pair of gloves of hurling (worn)
 i - a +0 chain mail (worn)
 j - a +0 cloak (worn)
Wands
 g - a wand of digging (3)
Scrolls
 k - a scroll of identify
Potions
 d - a potion of curing {unknown}
 e - a potion of lignification {unknown}
 f - 3 potions of haste
 h - a potion of might {unknown}
 l - 2 potions of cancellation {unknown}
 o - a potion of mutation {unknown}
 p - a potion of brilliance {unknown}

Dungeon Overview and Level Annotations

Branches:
Dungeon (5/15)
 Temple: D:4-7

Altars:
Gozag

Annotations:
D:4 Ijyb


Message History

You slash Ijyb! You freeze Ijyb.
Ijyb is moderately wounded.
You hit the ball python. You freeze the ball python.
The ball python bites you but does no damage.
The ball python grabs you. The ball python constricts you.
Ijyb zaps a wand.
The bolt of acid hits you. The acid corrodes you!
The ball python bites you but does no damage.
The ball python constricts you. Ijyb hits you but does no damage.
You closely miss the ball python.
The ball python is severely wounded.
You hit Ijyb but do no damage. The ball python barely misses you.
The ball python constricts you. You block Ijyb's attack.
You hit the ball python. You freeze the ball python.
You kill the ball python!
You closely miss Ijyb.
Ijyb zaps a wand.
The bolt of acid hits you but does no damage.
You closely miss Ijyb.
Ijyb is moderately wounded.
Ijyb barely misses you.
You closely miss Ijyb.
Ijyb is moderately wounded.
You block Ijyb's attack.
Ijyb zaps a wand.
The bolt of acid hits you! The acid corrodes you!
You hit Ijyb. You freeze Ijyb.
Ijyb is heavily wounded.
Ijyb zaps a wand.
The bolt of acid hits you!
You barely miss Ijyb.
Ijyb is heavily wounded.
Ijyb hits you but does no damage.
You barely miss Ijyb.
Ijyb is heavily wounded.
You block Ijyb's attack.
You hit Ijyb but do no damage.
Ijyb is heavily wounded.
Ijyb zaps a wand.
The bolt of acid hits you but does no damage.
The acid corrodes you!
Ijyb zaps a wand.
The bolt of acid hits you!
You die...

#.#####.....####..#
..............##.....#
.........##..##(.....#
.........#..###....>.#
#...........###.....#
#.....##..#..###...####
.##....##..#...##.#.....
.......#...###+##'##+###
......g@...#.....#.....#
...........#.....#....^#
...........+##+##'##'##'
#........)...##..#.....#..#
.........##.##..#+###+#..# .
#......####..#..#.....#..# #.
##............+..+.._..+..+
...#...........###..#.....#..#
#.............###..#'###+#..#


You could see Ijyb.

Vanquished Creatures
  A black bear (D:4)
  An orc priest (D:3)
  6 adders
  5 worms
  A dart slug (D:3)
  4 orcs (D:3)
  7 ball pythons
  6 endoplasms
  2 giant cockroaches
  7 goblins
  4 hobgoblins
  10 jackals
  4 kobolds
  2 quokkas
  8 bats
  3 frilled lizards
  A rat (D:2)
72 creatures vanquished.

Notes
Turn   | Place    | Note
-------+----------+-------------------------------------------
     0 | D:5      | qw the Gargoyle Delver began the quest for the Orb.
     0 | D:5      | Reached XP level 1. HP: 14/14 MP: 1/1
     0 | D:5      | 0 ||| qw: Version: 0.1-a-116-g5d60599
     0 | D:5      | 0 ||| qw: Game counter: 9178
     0 | D:5      | 0 ||| qw: Always use a shield: true
     0 | D:5      | 0 ||| qw: God list: Okawaru
     0 | D:5      | 0 ||| qw: Allow faded altars: false
     0 | D:5      | 0 ||| qw: Do Orc after D:15 true
     0 | D:5      | 0 ||| qw: Do second Lair branch before Depths: true
     0 | D:5      | 0 ||| qw: Lair rune preference: random
     0 | D:5      | 0 ||| qw: Plans: Normal
     0 | D:5      | 0 ||| PLANNING D:1-11
     0 | D:5      | 0 ||| DROPPING scroll of fog.
     1 | D:5      | 1 ||| DROPPING scroll of magic mapping.
     2 | D:5      | 2 ||| DROPPING scroll of fear.
     3 | D:5      | Noticed a phantom
     4 | D:5      | 4 ||| Stepping ~*~*~tactically~*~*~ (stealth).
    34 | D:4      | Reached XP level 2. HP: 15/19 MP: 2/2
   199 | D:3      | HP: 3/19 [orc/+2 mace of distortion (12)]
   550 | D:3      | Reached skill level 3 in Axes
   557 | D:3      | Reached XP level 3. HP: 16/23 MP: 3/3
   678 | D:3      | 678 ||| UPGRADING to +0 ring mail.
   688 | D:3      | 688 ||| DROPPING +0 leather armour.
   689 | D:3      | 689 ||| UPGRADING to +0 chain mail.
   699 | D:3      | 699 ||| DROPPING +0 ring mail.
   700 | D:3      | 700 ||| READING scroll labelled JEIVUS SUDINE.
   701 | D:3      | 701 ||| READING scroll labelled HEZ HAGRESOSUN.
   701 | D:3      | Identified a scroll of acquirement
   701 | D:3      | 701 ||| ACQUIRING +2 pair of boots of flying
   701 | D:3      | Acquired a +2 pair of boots of flying
   703 | D:3      | 703 ||| UPGRADING to +2 pair of boots of flying.
   708 | D:3      | 708 ||| READING scroll labelled SIRPHOB ZAITH.
   731 | D:3      | Reached skill level 1 in Armour
   947 | D:2      | 947 ||| Stepping ~*~*~tactically~*~*~ (stealth).
   948 | D:2      | 948 ||| READING scroll labelled DUOHUO AXTO.
  1051 | D:1      | Reached XP level 4. HP: 25/28 MP: 4/4
  1507 | D:1      | 1507 ||| UPGRADING to +1 pair of gloves of hurling.
  1512 | D:1      | 1512 ||| READING scroll labelled KIUFFO BIBUDO.
  1513 | D:1      | 1513 ||| READING scroll labelled EWKUIHEHOK.
  2035 | D:2      | 2035 ||| DROPPING +0 club.
  2283 | D:2      | 2283 ||| UPGRADING to +0 kite shield.
  2288 | D:2      | 2288 ||| UPGRADING to +0 cloak.
  2407 | D:3      | Found a faded altar of an unknown god.
  2504 | D:3      | Reached XP level 5. HP: 29/32 MP: 5/5
  2604 | D:3      | Reached skill level 1 in Shields
  2611 | D:3      | 2611 ||| DROPPING +0 mace.
  2655 | D:3      | 2655 ||| DROPPING +0 flail.
  2856 | D:3      | 2856 ||| READING scroll labelled COENENKITU.
  2937 | D:4      | Noticed a black bear
  2948 | D:4      | Killed a black bear
  2949 | D:4      | Reached XP level 6. HP: 30/37 MP: 6/6
  3006 | D:4      | Found an opulent altar of Gozag.
  3051 | D:4      | 3051 ||| Stepping ~*~*~tactically~*~*~ (stealth).
  3081 | D:4      | Noticed Ijyb
  3082 | D:4      | 3082 ||| Stepping ~*~*~tactically~*~*~ (hiding).
  3094 | D:4      | Killed from afar by Ijyb

Levels and vault maps discovered:
D:1:      nzn_arrival_water_spiral, layout_rooms
D:2:      layout_loops_ring
D:3:      layout_basic, nicolae_ecumenical_lake_church
D:4:      layout_cave_pools, mainiacjoe_overflow_24_doors,
          nicolae_overflow_crystal_walls, minmay_temple_entry_wispy, uniq_ijyb
D:5:      layout_gridville, lemuel_tele_altar, trog_wizard,
          nemelex_dance_club_becter

Skill      XL: |  1  2  3  4  5 |
---------------+----------------+-----
Axes           | 2 3 4 |  4.0
Armour         | 1 2 |  2.0
Shields        | 4 |  4.2
Fighting       | |  3.2
Dodging        | |  1.5
Stealth        | |  5.4

Action                   |  1- 3 |  4- 6 || total
-------------------------+-------+-------++-------
Melee: Hand axe          |    99 |   146 ||   245
       Punch             |     2 |       ||     2
  Use: Scroll            |     4 |     3 ||     7
Armor: Leather armour    |    18 |       ||    18
       Chain mail        |    30 |   125 ||   155
Dodge: Dodged            |    57 |    37 ||    94
Block: Kite shield       |       |    31 ||    31

Table legend:
 A = Non-vault XP
 B = Vault XP
 C = Vault XP percentage of total XP
 D = Non-vault monster count
 E = Vault monster count
 F = Vault count percentage of total count
                 A         B        C        D         E       F
            +---------+---------+-------+---------+---------+-------
      Total |     385 |       0 |   0.0 |      72 |       0 |   0.0
            +---------+---------+-------+---------+---------+-------
        D:1 |      35 |       0 |   0.0 |      18 |       0 |   0.0
        D:2 |      52 |       0 |   0.0 |      19 |       0 |   0.0
        D:3 |     130 |       0 |   0.0 |      27 |       0 |   0.0
        D:4 |     168 |       0 |   0.0 |       8 |       0 |   0.0
            +---------+---------+-------+---------+---------+-------
